General information
			
			
        
        - name: BNet
 
        - type: Ladder team game (AT/RT)
 
        - host: Battle.net
 
        - saver: fineX
 
        
map: SilverpineForest 
        - players: 6
 
        - length: 55:38
 
        - speed: Fast
 - version: 1.22 W3XP
 - replay type:  Public
 
» download(275 KB)
Players
        team 1 (loser) 
              
              
Evilpancakes (
green | 23 APM | 1292 actions | 55:36)
              
 5 Dreadlord 
 3 Vampiric Aura
 2 Carrion Swarm
 
                » actions 
                
                | Assign group hotkey | 10 |  | 
| Basic commands | 3 |  | 
| Build / train | 78 |  | 
| Enter build submenu | 21 |  | 
| Enter hero's abilities submenu | 5 |  | 
| Right click | 622 |  | 
| Select / deselect | 407 |  | 
| Select group hotkey | 99 |  | 
| Use ability | 46 |  | 
                1292 total
 » units 
                
                | Acolyte | 12 |  | 
| Ghoul | 28 |  | 
| Gargoyle | 3 |  | 
| Crypt Fiend | 5 |  | 
| Frost Wyrm | 3 |  | 
| Meatwagon | 2 |  | 
                53 total
 » upgrades
                
                | Web | 1 |  | 
| Freezing Breath | 1 |  | 
| Creature Attack | 1 |  | 
| Creature Carapace | 1 |  | 
                4 total
 » buildings
                
                | Crypt | 2 |  | 
| Ziggurat | 12 |  | 
| Altar of Darkness | 1 |  | 
| Tomb of Relics | 1 |  | 
| Nerubian Tower | 4 |  | 
| Halls of the Dead | 1 |  | 
| Graveyard | 1 |  | 
| Black Citadel | 1 |  | 
| Spirit Tower | 3 |  | 
| Sacrificial Pit | 1 |  | 
| Boneyard | 1 |  | 
| Slaughterhouse | 1 |  | 
                29 total
 » build order
                00:11 Crypt
00:21 Ziggurat
00:27 Altar of Darkness
01:20 Ziggurat
01:56 Tomb of Relics
02:48 Nerubian Tower
04:16 Nerubian Tower
06:14 Crypt
07:50 Ziggurat
09:09 Ziggurat
12:00 Halls of the Dead
12:38 Nerubian Tower
12:46 Ziggurat
12:50 Ziggurat
13:32 Graveyard
14:17 Nerubian Tower
14:58 Black Citadel
20:08 Ziggurat
20:11 Ziggurat
21:10 Ziggurat
22:33 Spirit Tower
24:28 Spirit Tower
25:32 Ziggurat
25:40 Ziggurat
25:46 Ziggurat
26:57 Spirit Tower
27:06 Sacrificial Pit
29:58 Boneyard
38:56 Slaughterhouse
» items
                
                | Dust of Appearance | 3 |  | 
| Potion of Healing | 2 |  | 
| Orb of Corruption | 1 |  | 
                6 total
  
               
              
              
wrah (
teal | 32 APM | 1778 actions | 55:35)
              
 5 Archmage 
 2 Summon Water Elemental
 3 Blizzard
 
                » actions 
                
                | Basic commands | 29 |  | 
| Build / train | 113 |  | 
| ESC pressed | 8 |  | 
| Enter build submenu | 42 |  | 
| Enter hero's abilities submenu | 5 |  | 
| Remove unit from queue | 5 |  | 
| Right click | 807 |  | 
| Select / deselect | 703 |  | 
| Use ability | 66 |  | 
                1778 total
 » units 
                
                | Peasant | 20 |  | 
| Footman | 16 |  | 
| Rifleman | 15 |  | 
| Knight | 8 |  | 
| Siege Engine | 22 |  | 
                81 total
 » upgrades
                
                | Defend | 1 |  | 
| Gunpowder | 3 |  | 
| Armor | 1 |  | 
| Swords | 3 |  | 
| Plating | 3 |  | 
| Animal War Training | 1 |  | 
| Barrage | 1 |  | 
                13 total
 » buildings
                
                | Altar of Kings | 2 |  | 
| Farm | 13 |  | 
| Barracks | 3 |  | 
| Lumber Mill | 2 |  | 
| Keep | 2 |  | 
| Blacksmith | 1 |  | 
| Scout Tower | 6 |  | 
| Town Hall | 1 |  | 
| Guard Tower | 5 |  | 
| Castle | 1 |  | 
| Arcane Vault | 1 |  | 
| Workshop | 3 |  | 
                40 total
 » build order
                00:12 Altar of Kings
00:25 Farm
00:54 Barracks
01:08 Farm
01:49 Farm
02:17 Barracks
03:03 Farm
04:00 Lumber Mill
04:18 Lumber Mill
04:23 Keep
04:56 Farm
05:14 Farm
08:02 Blacksmith
09:08 Scout Tower
13:54 Town Hall
18:53 Scout Tower
18:58 Keep
19:22 Guard Tower
19:24 Scout Tower
19:58 Scout Tower
20:00 Guard Tower
20:26 Guard Tower
20:32 Scout Tower
21:12 Guard Tower
21:23 Altar of Kings
22:41 Scout Tower
23:11 Guard Tower
26:43 Castle
27:09 Barracks
27:57 Arcane Vault
28:10 Farm
30:05 Farm
30:46 Farm
31:43 Farm
32:41 Farm
37:26 Farm
38:42 Farm
40:08 Workshop
44:48 Workshop
46:56 Workshop
 
               
              
              
zeus3301 (
yellow | 49 APM | 2669 actions | 54:59)
              
 7 Demon Hunter 
 3 Mana Burn
 3 Evasion
 1 Metamorphosis
 
                » actions 
                
                | Assign group hotkey | 14 |  | 
| Basic commands | 17 |  | 
| Build / train | 130 |  | 
| Enter build submenu | 33 |  | 
| Enter hero's abilities submenu | 7 |  | 
| Remove unit from queue | 1 |  | 
| Right click | 1359 |  | 
| Select / deselect | 988 |  | 
| Select group hotkey | 17 |  | 
| Use ability | 103 |  | 
                2669 total
 » units 
                
                | Wisp | 23 |  | 
| Archer | 23 |  | 
| Huntress | 16 |  | 
| Hippogryph | 13 |  | 
| Dryad | 5 |  | 
| Druid of the Talon | 13 |  | 
| Glaive Thrower | 4 |  | 
| Chimaera | 6 |  | 
                103 total
 » upgrades
                
                | Strength of the Moon | 3 |  | 
| Moon Armor | 1 |  | 
| Abolish Magic | 1 |  | 
| Druid of the Talon Training | 2 |  | 
| Marksmanship | 1 |  | 
| Strength of the Wild | 1 |  | 
| Corrosive Breath | 1 |  | 
                10 total
 » buildings
                
                | Altar of Elders | 1 |  | 
| Moon Well | 10 |  | 
| Ancient of War | 1 |  | 
| Ancient of Wonders | 1 |  | 
| Hunter's Hall | 1 |  | 
| Ancient Protector | 5 |  | 
| Tree of Ages | 1 |  | 
| Ancient of Wind | 3 |  | 
| Ancient of Lore | 1 |  | 
| Tree of Eternity | 1 |  | 
| Tree of Life | 2 |  | 
| Chimaera Roost | 2 |  | 
                29 total
 » build order
                00:09 Altar of Elders
00:21 Moon Well
00:43 Ancient of War
01:33 Moon Well
02:06 Ancient of Wonders
02:27 Moon Well
03:27 Moon Well
04:06 Hunter's Hall
05:19 Ancient Protector
06:39 Tree of Ages
06:46 Moon Well
07:55 Moon Well
09:23 Ancient of Wind
10:29 Ancient of Lore
12:08 Tree of Eternity
13:01 Ancient Protector
16:15 Tree of Life
16:26 Ancient Protector
16:27 Moon Well
17:21 Ancient Protector
26:00 Chimaera Roost
26:20 Chimaera Roost
29:35 Moon Well
31:33 Tree of Life
32:30 Moon Well
33:09 Moon Well
33:25 Ancient Protector
43:26 Ancient of Wind
44:49 Ancient of Wind
» items
                
                | Claws of Attack +6 | 1 |  | 
| Orb of Venom | 1 |  | 
| Boots of Speed | 1 |  | 
| Scroll of Town Portal | 2 |  | 
| Potion of Healing | 1 |  | 
                6 total
  
               team 2 (winner) 
              
              
fineX (
red | 51 APM | 2856 actions | 55:38)
              
 5 Pandaren Brewmaster 
 3 Breath of Fire
 2 Drunken Brawler
 3 Naga Sea Witch 
 1 Forked Lightning
 2 Frost Arrows
 
                » actions 
                
                | Assign group hotkey | 153 |  | 
| Basic commands | 34 |  | 
| Build / train | 106 |  | 
| Enter build submenu | 68 |  | 
| Enter hero's abilities submenu | 9 |  | 
| Give item / drop item | 12 |  | 
| Right click | 1234 |  | 
| Select / deselect | 531 |  | 
| Select group hotkey | 459 |  | 
| Use ability | 250 |  | 
                2856 total
 » units 
                » upgrades
                
                | Ultravision | 1 |  | 
| Strength of the Wild | 1 |  | 
| Reinforced Hides | 1 |  | 
| Strength of the Moon | 1 |  | 
| Vorpal Blades | 1 |  | 
| Nature's Blessing | 1 |  | 
                6 total
 » buildings
                
                | Altar of Elders | 4 |  | 
| Moon Well | 30 |  | 
| Tree of Life | 10 |  | 
| Hunter's Hall | 2 |  | 
| Tree of Ages | 5 |  | 
| Ancient Protector | 5 |  | 
| Tree of Eternity | 2 |  | 
| Ancient of War | 4 |  | 
| Ancient of Wonders | 1 |  | 
                63 total
 » build order
                00:05 Altar of Elders
00:07 Moon Well
01:28 Moon Well
04:14 Tree of Life
04:23 Hunter's Hall
04:41 Moon Well
04:45 Moon Well
05:22 Tree of Ages
08:51 Ancient Protector
08:54 Ancient Protector
11:20 Moon Well
11:22 Moon Well
11:25 Moon Well
14:33 Tree of Life
19:41 Tree of Life
20:17 Moon Well
20:33 Tree of Ages
21:20 Moon Well
24:09 Altar of Elders
25:06 Moon Well
25:16 Moon Well
26:43 Moon Well
26:44 Tree of Eternity
27:32 Tree of Life
27:48 Moon Well
28:47 Tree of Life
29:40 Moon Well
30:07 Ancient of War
30:18 Altar of Elders
30:26 Ancient of War
30:29 Ancient of War
30:37 Ancient of War
30:51 Ancient of Wonders
30:57 Moon Well
31:37 Hunter's Hall
31:52 Moon Well
32:53 Moon Well
33:08 Tree of Ages
34:02 Moon Well
35:02 Moon Well
36:39 Moon Well
37:28 Tree of Life
37:35 Moon Well
37:38 Tree of Ages
38:30 Moon Well
39:40 Moon Well
40:15 Moon Well
42:27 Tree of Life
43:13 Tree of Life
43:30 Tree of Life
43:32 Ancient Protector
43:34 Ancient Protector
43:36 Ancient Protector
43:41 Altar of Elders
48:16 Tree of Life
49:49 Tree of Ages
50:03 Moon Well
50:04 Moon Well
50:06 Moon Well
51:35 Moon Well
52:46 Moon Well
53:49 Moon Well
54:53 Tree of Eternity
» items
                
                | Potion of Healing | 2 |  | 
| Potion of Mana | 2 |  | 
| Orb of Lightning | 1 |  | 
| Scroll of Town Portal | 1 |  | 
| Boots of Speed | 2 |  | 
| Staff of Teleportation | 2 |  | 
| Pendant of Energy | 1 |  | 
| Hood of Cunning | 1 |  | 
| Cloak of Flames | 1 |  | 
| Ancient Janggo of Endurance | 1 |  | 
| Potion of Greater Healing | 1 |  | 
| Potion of Greater Mana | 1 |  | 
| Pendant of Mana | 1 |  | 
| Legion Doom-Horn | 1 |  | 
| Khadgar's Pipe of Insight | 1 |  | 
                19 total
  
               
              
              
GOKUMaN69 (
orange | 48 APM | 2683 actions | 55:37)
              
 10 Blademaster 
 3 Wind Walk
 3 Critical Strike
 1 Bladestorm
 3 Mirror Image
 
                » actions 
                
                | Basic commands | 7 |  | 
| Build / train | 78 |  | 
| Enter build submenu | 121 |  | 
| Enter hero's abilities submenu | 10 |  | 
| Give item / drop item | 2 |  | 
| Remove unit from queue | 2 |  | 
| Right click | 1524 |  | 
| Select / deselect | 662 |  | 
| Use ability | 277 |  | 
                2683 total
 » units 
                » upgrades
                
                | Liquid Fire | 1 |  | 
| Ranged Weapons | 2 |  | 
| Reinforced Defenses | 1 |  | 
                4 total
 » buildings
                
                | Altar of Storms | 1 |  | 
| Orc Burrow | 5 |  | 
| War Mill | 2 |  | 
| Watch Tower | 87 |  | 
| Stronghold | 1 |  | 
| Voodoo Lounge | 1 |  | 
| Beastiary | 2 |  | 
| Fortress | 1 |  | 
| Great Hall | 12 |  | 
                112 total
 » build order
                00:06 Altar of Storms
00:25 Orc Burrow
00:41 War Mill
01:53 Watch Tower
01:59 Watch Tower
02:24 Watch Tower
03:02 Stronghold
03:45 Voodoo Lounge
03:48 Watch Tower
04:03 Watch Tower
04:52 Watch Tower
05:01 Watch Tower
05:05 Watch Tower
05:06 Watch Tower
05:14 Watch Tower
05:16 Watch Tower
05:18 Watch Tower
05:19 Watch Tower
05:52 Beastiary
05:53 Beastiary
06:44 Fortress
06:46 Orc Burrow
06:48 Orc Burrow
07:44 Watch Tower
07:45 Watch Tower
08:37 Orc Burrow
09:08 Watch Tower
09:35 Watch Tower
10:23 Watch Tower
11:10 Watch Tower
13:05 Watch Tower
13:07 Watch Tower
14:22 Watch Tower
14:25 Watch Tower
17:10 Watch Tower
17:11 Watch Tower
17:17 Watch Tower
17:18 Watch Tower
17:19 Watch Tower
17:21 Watch Tower
17:34 Watch Tower
18:17 Watch Tower
18:20 Watch Tower
18:41 Watch Tower
18:46 Watch Tower
18:47 Watch Tower
18:48 Watch Tower
18:49 Watch Tower
19:25 Great Hall
19:42 Great Hall
19:45 Watch Tower
19:47 Watch Tower
19:49 Watch Tower
19:52 Watch Tower
19:54 Watch Tower
20:04 Watch Tower
20:19 Watch Tower
20:29 Watch Tower
21:16 Great Hall
21:19 Watch Tower
21:41 Great Hall
21:47 Watch Tower
21:48 Watch Tower
21:49 Watch Tower
21:56 Great Hall
21:59 Great Hall
22:20 Watch Tower
25:28 Watch Tower
31:29 Watch Tower
31:30 Watch Tower
31:31 Watch Tower
31:32 Watch Tower
31:45 Watch Tower
31:47 Watch Tower
32:29 Watch Tower
32:33 Watch Tower
32:34 Watch Tower
32:34 Watch Tower
32:37 Watch Tower
32:39 Watch Tower
32:41 Watch Tower
32:45 Watch Tower
33:47 Watch Tower
33:49 Watch Tower
33:50 Watch Tower
33:51 Watch Tower
33:52 Watch Tower
34:13 War Mill
35:02 Watch Tower
35:03 Watch Tower
35:05 Watch Tower
35:36 Watch Tower
35:37 Watch Tower
35:44 Watch Tower
35:53 Watch Tower
36:16 Great Hall
36:53 Watch Tower
36:55 Watch Tower
38:18 Watch Tower
38:19 Watch Tower
39:31 Watch Tower
39:47 Watch Tower
43:07 Great Hall
44:53 Great Hall
46:26 Great Hall
51:16 Great Hall
51:48 Watch Tower
51:49 Watch Tower
53:23 Watch Tower
53:25 Watch Tower
53:38 Great Hall
54:37 Orc Burrow
» items
                
                | Boots of Speed | 1 |  | 
| Staff of Teleportation | 1 |  | 
| Healing Salve | 5 |  | 
| Lesser Clarity Potion | 6 |  | 
| Orb of Lightning | 1 |  | 
| Potion of Healing | 3 |  | 
| Potion of Mana | 1 |  | 
| Potion of Invulnerability | 1 |  | 
| Scroll of Regeneration | 1 |  | 
| Mechanical Critter | 1 |  | 
| Scroll of Town Portal | 1 |  | 
                22 total
  
               
              
              
ThePebbler (
purple | 48 APM | 2672 actions | 55:37)
              
 6 Archmage 
 3 Blizzard
 2 Brilliance Aura
 1 Mass Teleport
 6 Mountain King 
 3 Storm Bolt
 2 Bash
 1 Avatar
 5 Paladin 
 3 Holy Light
 2 Divine Shield
 
                » actions 
                
                | Assign group hotkey | 21 |  | 
| Basic commands | 81 |  | 
| Build / train | 128 |  | 
| Enter build submenu | 43 |  | 
| Enter hero's abilities submenu | 17 |  | 
| Give item / drop item | 7 |  | 
| Remove unit from queue | 7 |  | 
| Right click | 860 |  | 
| Select / deselect | 503 |  | 
| Select group hotkey | 814 |  | 
| Use ability | 191 |  | 
                2672 total
 » units 
                » upgrades
                
                | Masonry | 3 |  | 
| Lumber Harvesting | 2 |  | 
| Storm Hammers | 1 |  | 
| Magic Sentry | 1 |  | 
| Animal War Training | 1 |  | 
| Swords | 3 |  | 
| Armor | 3 |  | 
                14 total
 » buildings
                
                | Altar of Kings | 1 |  | 
| Farm | 12 |  | 
| Lumber Mill | 1 |  | 
| Scout Tower | 85 |  | 
| Guard Tower | 46 |  | 
| Keep | 1 |  | 
| Gryphon Aviary | 1 |  | 
| Castle | 1 |  | 
| Barracks | 1 |  | 
| Arcane Sanctum | 1 |  | 
| Blacksmith | 1 |  | 
| Arcane Vault | 1 |  | 
                152 total
 » build order
                00:08 Altar of Kings
00:17 Farm
00:33 Lumber Mill
00:39 Scout Tower
00:41 Scout Tower
01:35 Guard Tower
02:00 Scout Tower
02:01 Scout Tower
02:06 Scout Tower
02:17 Scout Tower
02:20 Scout Tower
02:21 Scout Tower
02:34 Guard Tower
02:44 Farm
03:12 Guard Tower
03:14 Guard Tower
03:28 Guard Tower
03:31 Scout Tower
03:38 Guard Tower
03:42 Scout Tower
03:43 Scout Tower
04:02 Guard Tower
04:05 Scout Tower
04:07 Scout Tower
04:34 Guard Tower
04:50 Guard Tower
04:54 Scout Tower
04:56 Scout Tower
05:10 Scout Tower
05:11 Scout Tower
05:13 Scout Tower
05:14 Scout Tower
05:16 Scout Tower
05:19 Guard Tower
05:25 Guard Tower
05:31 Scout Tower
05:31 Scout Tower
05:32 Scout Tower
05:51 Guard Tower
05:54 Scout Tower
05:56 Scout Tower
05:57 Scout Tower
05:58 Scout Tower
06:32 Guard Tower
06:38 Keep
06:53 Guard Tower
06:58 Scout Tower
06:58 Scout Tower
07:00 Scout Tower
07:01 Scout Tower
08:09 Scout Tower
08:12 Scout Tower
08:13 Scout Tower
08:14 Scout Tower
08:21 Guard Tower
08:42 Guard Tower
08:47 Farm
08:53 Guard Tower
11:12 Gryphon Aviary
11:20 Castle
15:02 Scout Tower
15:03 Scout Tower
15:03 Scout Tower
15:04 Scout Tower
15:33 Farm
15:43 Barracks
15:52 Arcane Sanctum
15:54 Guard Tower
16:00 Scout Tower
16:01 Scout Tower
16:09 Guard Tower
16:13 Scout Tower
16:14 Scout Tower
16:17 Scout Tower
16:25 Farm
16:32 Guard Tower
16:56 Guard Tower
17:00 Scout Tower
17:02 Scout Tower
17:13 Blacksmith
17:28 Guard Tower
17:37 Guard Tower
17:56 Scout Tower
17:57 Scout Tower
17:58 Scout Tower
17:58 Scout Tower
18:00 Guard Tower
18:56 Guard Tower
19:23 Farm
19:24 Farm
19:35 Arcane Vault
19:46 Guard Tower
21:29 Scout Tower
21:30 Scout Tower
21:31 Scout Tower
21:32 Scout Tower
21:34 Scout Tower
21:34 Scout Tower
21:35 Scout Tower
21:36 Scout Tower
21:36 Scout Tower
22:33 Guard Tower
23:47 Guard Tower
23:53 Guard Tower
24:20 Guard Tower
27:05 Scout Tower
27:06 Scout Tower
27:07 Scout Tower
27:09 Scout Tower
27:10 Scout Tower
27:11 Scout Tower
27:11 Scout Tower
27:12 Scout Tower
27:13 Scout Tower
27:14 Scout Tower
27:51 Guard Tower
28:00 Guard Tower
28:27 Guard Tower
29:06 Guard Tower
29:27 Guard Tower
30:03 Guard Tower
30:13 Guard Tower
30:41 Guard Tower
31:08 Guard Tower
31:13 Scout Tower
31:14 Scout Tower
31:15 Scout Tower
31:18 Scout Tower
31:19 Scout Tower
31:19 Scout Tower
32:03 Guard Tower
32:06 Scout Tower
32:07 Scout Tower
32:28 Guard Tower
32:39 Guard Tower
32:57 Guard Tower
33:05 Guard Tower
33:51 Guard Tower
34:56 Guard Tower
36:53 Farm
36:54 Farm
36:55 Farm
36:56 Farm
36:56 Farm
39:21 Scout Tower
39:23 Scout Tower
39:23 Scout Tower
39:24 Scout Tower
39:26 Scout Tower
39:27 Scout Tower
39:29 Scout Tower
39:29 Scout Tower
» items
                
                | Orb of Lightning | 1 |  | 
| Scroll of Town Portal | 3 |  | 
| Orb of Fire | 1 |  | 
| Boots of Speed | 2 |  | 
| Staff of Teleportation | 2 |  | 
                9 total
  
                Chat log
          
(17:40 / All) fineX: i like ghouls
(17:52 / All) zeus3301: my partners are retards
(18:00 / All) fineX: and u aren't???????
(18:04 / All) fineX: HEY THX FOR CLAWS by the way
(18:15 / All) fineX: meant 2 thank u but it slipped my mind
(18:43 / All) fineX: solution to killed ghouls: more ghouls
(29:42 / All) zeus3301: you guys are tower maniacs
(30:07 / All) GOKUMaN69: tower u doin
(36:23 / All) GOKUMaN69: why u killin my expo
(44:21 / Allies) GOKUMaN69: heal my hero
(45:14 / All) zeus3301: duh
(45:18 / All) GOKUMaN69: what?
(45:22 / All) zeus3301: my hero
(45:28 / All) zeus3301: i was like wut
(45:35 / Allies) fineX: ThePebbler you are being held trial for HEINOUS crimes against clan BULY and associates.
(45:37 / Allies) GOKUMaN69: dont kill them
(45:45 / Allies) GOKUMaN69: domt
(45:47 / Allies) GOKUMaN69: dont
(45:52 / Allies) GOKUMaN69: dont
(45:54 / Allies) GOKUMaN69: faggit
(46:05 / Allies) fineX: You are hereby requested to appear in courtroom number 3 (channel lljk) at 8:00 PM today for a TRIAL.
(46:05 / Allies) GOKUMaN69: leave him alone
(46:37 / Allies) GOKUMaN69: why
(46:39 / Allies) fineX: The Prosecution will be Prosecutor FINEX, the presiding judge GOKUMAN
(46:42 / Allies) GOKUMaN69: wont you listen
(47:09 / Allies) fineX: You have the right to REPRESENT yourself, or an ATTORNEY will be assigned to you.
(47:29 / Allies) fineX: The CRIMES you are being accused of are:
(47:32 / Allies) fineX: 1. Stealing items
(47:35 / Allies) fineX: 2. Killing heroes
(47:39 / Allies) fineX: 3. Killing allied buildings.
(48:26 / All) GOKUMaN69: puta
(48:39 / Allies) GOKUMaN69: dont kill them
(48:58 / Allies) fineX: If you do not appear in COURT tonight at 8:00 PM you will be subject to swift disciplinary action including BEING TEABAGGED.
(48:59 / Allies) GOKUMaN69: no
(49:13 / All) wrah: bitch
(49:19 / All) GOKUMaN69: what
(49:20 / All) zeus3301: you guys have gold right?
(49:22 / All) GOKUMaN69: manner please
(49:25 / All) GOKUMaN69: nope
(49:37 / All) wrah: pshaw puta is whore in spanish u got no mannas
(49:42 / Allies) fineX: i unbanned u
(49:43 / Allies) fineX: pebbler
(49:46 / All) GOKUMaN69: putas
(51:44 / All) zeus3301: this lasted way too long
(51:58 / All) GOKUMaN69: u gotunbanned from vent
(52:00 / All) zeus3301: but i guess if it didnt we would have won
(52:06 / All) fineX: no
(52:09 / All) fineX: you guys are terrible
(52:18 / All) fineX: t1 rush??????????